 Dungeon Crawl Stone Soup version 0.29.1-15-g9cfb28693d (webtiles) character file.

Game seed: 8070472479962267689

55 raph the Insei (level 3, -6/29 HPs)
             Began as a Draconian Transmuter on Apr 8, 2023.
             Engulfed by a steam dragon's steam (7 damage)
             ... on level 3 of the Dungeon.
             The game lasted 00:02:09 (1816 turns).

raph the Insei (Draconian Transmuter)               Turns: 1816, Time: 00:02:09

Health: -6/29      AC:  5    Str: 12    XL:     3   Next: 67%
Magic:  5/6        EV: 12    Int: 13    God:
Gold:   113        SH:  0    Dex: 13    Spells: 0/6 levels left

rFire   . . .      SeeInvis .     - Unarmed
rCold   . . .      Faith    .   (no shield)
rNeg    . . .      Spirit   .   (body armour unavailable)
rPois   .          Reflect  .   (helmet currently unavailable)
rElec   .          Harm     .   (no cloak)
rCorr   .          Rampage  .   (no gloves)
Will    .....                   (boots currently unavailable)
Stlth   +.........              (no amulet)
HPRegen 0.09/turn               h - ring of flight
MPRegen 0.10/turn               (no ring)

@: appendages, flying
A: horns 2, talons 2, AC +5, unfitting armour, cold-blooded
a: End Transformation


You were on level 3 of the Dungeon.
You had temporarily grown beastly horns and talons.
You visited 1 branch of the dungeon, and saw 3 of its levels.

You collected 113 gold pieces.

Inventory:

Jewellery
 h - a ring of flight (left hand)
Scrolls
 b - a scroll of amnesia {unknown}
 d - 5 scrolls of identify {unknown}
 e - a scroll of poison {unknown}
 i - a scroll of enchant armour {unknown}
Potions
 a - a potion of lignification
 c - a potion of brilliance {unknown}
 f - 3 potions of flight {unknown}
 g - 3 potions of curing {unknown}
 j - a potion of might {unknown}
 k - a potion of degeneration {unknown}
 l - a potion of ambrosia {unknown}


   Skills:
 + Level 2.1 Fighting
 - Level 1.7 Dodging
 + Level 3.4 Unarmed Combat
 + Level 2.2 Spellcasting
 * Level 3.1 Transmutations


You couldn't memorise any spells.
You knew the following spells:

 Your Spells              Type           Power      Damage    Failure   Level
a - Beastly Appendage     Tmut           18%        N/A       7%          1
b - Wereblood             Tmut           9%         N/A       11%         2
c - Spider Form           Tmut/Pois      5%         N/A       36%         3

Your spell library contained the following spells:

 Spells                   Type           Power      Damage    Failure   Level
 Ice Form                 Ice/Tmut       5%         N/A       78%         4


Dungeon Overview and Level Annotations

Branches:
Dungeon (3/15)

Altars:
Cheibriados


Innate Abilities, Weirdness & Mutations

You have temporarily grown beastly horns and talons.
Your plain brown scales are hard. (AC +5)
You cannot fit into any form of body armour.
You are cold-blooded and may be slowed by cold attacks.


Message History

You kill the endoplasm!
Your horns disappear.
Your talons disappear.
The steam dragon breathes steam at you. The ball of steam hits you!
You hear an angry hiss.
You closely miss the steam dragon.
You are engulfed in a cloud of scalding steam.
You feel yourself speed up. The steam dragon closely misses you.
The steam dragon barely misses you. The steam dragon bites you!
* * * LOW HITPOINT WARNING * * *
The steam dragon barely misses you.
You are too injured to fight recklessly!
You hit the steam dragon.
The steam dragon is lightly wounded.
The steam dragon barely misses you.
The steam dragon claws you but does no damage.
Casting: Beastly Appendage (safe; 7% risk of failure)
Confirm with . or Enter, or press ? or * to list all spells.
You grow a pair of large bovine horns.
Your feet morph into talons.
The steam dragon bites you.
* * * LOW HITPOINT WARNING * * *
The steam dragon claws you.
* * * LOW HITPOINT WARNING * * *
You punch the steam dragon! Your headbutt misses the steam dragon.
The steam dragon is moderately wounded.
You barely miss the steam dragon. Your kick misses the steam dragon.
Your tail-slap misses the steam dragon.
The steam dragon is moderately wounded.
The steam dragon breathes steam at you. The ball of steam misses you.
The steam dragon attacks as you move away!
The steam dragon bites you but does no damage.
The steam dragon claws you but does no damage.
A rat comes into view.
You hit the steam dragon. Your kick misses the steam dragon.
You headbutt the steam dragon!
The steam dragon is severely wounded.
You are engulfed in a cloud of scalding steam.
You die...

#.#.#.#.#.#.#+#+#+#+#.
#.#.#.#.#.#.#.#.#.#.#
#.#.#.#.#.#.#.#.#.# .#
#.#.#.#.#.#.#.#.#
#.#+#.#.#.#.#.....#
.....#.#.#.#.#.?.#
....+#.#+#§#....+ .#
......#.#...#.#...#.#
.#+#+#.#'...+#§.@..#.#
#.#.#.#...#§§.D...#
#.#.#.#+#.#.....#.#
#.#.#.#.#.#+.....+ .#
#.#.#<......#.....# +
.#.#.#......+#+#r#.#
#.#.#.......# #.#.#
+#.#.#.......# #+#.#
......#.#+#.#.# ..


You could see a steam dragon and a rat.

Vanquished Creatures
  An adder (D:2)
  A worm (D:2)
  2 dart slugs
  2 ball pythons (D:2)
  4 bats
  4 endoplasms
  A giant cockroach (D:3)
  3 hobgoblins (D:1)
  8 jackals
  2 kobolds
  4 frilled lizards (D:1)
  2 goblins (D:2)
  2 rats
36 creatures vanquished.

Notes
Turn   | Place    | Note
-------+----------+-------------------------------------------
     0 | D:1      | raph the Draconian Transmuter began the quest for the Orb.
     0 | D:1      | Reached XP level 1. HP: 16/16 MP: 3/3
   302 | D:1      | Reached XP level 2. HP: 23/23 MP: 3/5
   561 | D:1      | Learned a level 2 spell: Wereblood
   647 | D:1      | Found a faded altar of an unknown god.
  1201 | D:2      | Reached XP level 3. HP: 29/29 MP: 2/6
  1372 | D:2      | Found a snail-covered altar of Cheibriados.
  1480 | D:2      | Learned a level 3 spell: Spider Form
  1804 | D:3      | Noticed a steam dragon
  1812 | D:3      | HP: 1/29 [steam dragon (4)]
  1816 | D:3      | Engulfed by a steam dragon's steam

Illustrated notes

Levels and vault maps discovered:
D:1:      nzn_arrival_depleted_hourglass, layout_basic,
          shapermc_ecumenical_altar_venn
D:2:      layout_basic, basic_altar, minivault_26, minmay_misc_feat_rows
D:3:      layout_basic

Skill      XL: |  1  2  3 |
---------------+----------+-----
Fighting       | 2 |  2.1
Transmutations | 3 |  3.1
Dodging        | |  1.7
Unarmed Combat | |  3.4
Spellcasting   | |  2.2

Action                   || total
-------------------------++-------
Melee: Unarmed           ||   101
       Kick              ||    22
       Tailslap          ||     7
       Headbutt          ||    11
       Punch             ||     2
 Cast: Beastly Appendage ||    24
       Wereblood         ||     2
Armor: Skin              ||    33
Dodge: Dodged            ||    70
